 Dungeon Crawl Stone Soup version 0.22-a0-91-g23542c2 (webtiles) character file.

2793 KristoblXynda the Martial Artist (level 9, -2/64 HPs)
             Began as a Grey Draconian Transmuter on Jan 22, 2018.
             Was an Initiate of Gozag.
             Slain by a hornet (17 damage)
             ... while paralysed by a hornet
             ... on level 7 of the Dungeon.
             The game lasted 00:12:53 (7989 turns).

KristoblXynda the Martial Artist (DrTm)             Turns: 7989, Time: 00:12:54

Health: -2/64      AC:  2    Str: 13    XL:     9   Next: 43%
Magic:  9/12       EV:  5    Int: 15    God:    Gozag
Gold:   421        SH:  0    Dex: 18    Spells: 8/12 levels left

rFire    + . .     SeeInvis .     - Unarmed
rCold    . . .     Gourm    .   (shield currently unavailable)
rNeg     . . .     Faith    .   (armour unavailable)
rPois    .         Spirit   .   (helmet currently unavailable)
rElec    .         Reflect  .   (cloak currently unavailable)
rCorr    .         Harm     .   (gloves currently unavailable)
MR       .....                  (boots currently unavailable)
Stlth    ++........             (no amulet)
HPRegen  0.20/turn              m - ring of protection from fire
MPRegen  0.13/turn              q - ring of poison resistance

@: paralysed, lethally poisoned (-2 -> -7), spider-form, slowed
A: tiny, (walk through water), unfitting armour, AC +12
a: End Transformation, Potion Petition, Call Merchant, Bribe Branch, Renounce
Religion


You were on level 7 of the Dungeon.
You worshipped Gozag.
Gozag was aware of your devotion.
You were not hungry.
You were a venomous arachnid creature.
You visited 2 branches of the dungeon, and saw 8 of its levels.
You also visited: Sewer.

You collected 521 gold pieces.
You paid 100 gold pieces to Gozag.

Inventory:

Missiles
 t - a throwing net (quivered)
Armour
 h - a scarf of repulsion (melded)
 i - a +0 pair of gloves (melded)
 r - a +0 pair of boots (melded)
Jewellery
 m - a ring of protection from fire (left front leg)
 q - a ring of poison resistance (right front leg)
Wands
 p - a wand of digging (9)
 s - a wand of iceblast (11)
Scrolls
 d - 11 scrolls of remove curse
 e - a scroll of magic mapping
 g - 3 scrolls of enchant weapon
 n - 2 scrolls of teleportation
 u - a scroll of noise {unknown}
 v - a scroll of fog
 x - a scroll of amnesia {unknown}
 y - a scroll of blinking {unknown}
 A - a scroll of fear
 B - a scroll of summoning {unknown}
 E - a scroll of random uselessness {unknown}
Potions
 a - 4 potions of might
 f - 2 potions of agility
 j - 4 potions of curing
 k - 2 potions of brilliance
 l - 5 potions of flight
 o - 3 potions of heal wounds
 z - 2 potions of resistance
Books
 b - a book of Changes

   Spells                             Type                      Level
   a - Beastly Appendage              Transmutation                1
   b - Sticks to Snakes               Transmutation                2
   c - Spider Form                    Transmutation/Poison         3
   d - Ice Form                       Ice/Transmutation            4
   e - Blade Hands                    Transmutation                5
 w - a book of Maledictions

   Spells                             Type                      Level
   a - Corona                         Hexes                        1
   b - Ensorcelled Hibernation        Hexes/Ice                    2
   c - Confuse                        Hexes                        3
   d - Tukima's Dance                 Hexes                        3
   e - Dazzling Spray                 Conjuration/Hexes            3
Comestibles
 c - 10 rations


   Skills:
 - Level 1.1 Fighting
 + Level 5.2 Dodging
 + Level 9.7 Unarmed Combat
 - Level 2.0 Spellcasting
 + Level 7.8 Transmutations


You had 8 spell levels left.
You knew the following spells:

 Your Spells              Type           Power        Failure   Level  Hunger
a - Beastly Appendage     Tmut           ####..       4%          1    #......
b - Spider Form           Tmut/Pois      ##........   30%         3    ###....


Dungeon Overview and Level Annotations

Branches:
Dungeon (7/15)             Temple (1/1) D:6

Altars:
Ashenzari
Cheibriados
Elyvilon
Gozag
Hepliaklqana
Kikubaaqudgha
Makhleb
Nemelex Xobeh
Okawaru
Qazlal
Ru
Sif Muna
Uskayaw
Vehumet
Yredelemnul
Zin
The Shining One

Shops:
D:7 =


Innate Abilities, Weirdness & Mutations

((You can walk through water.))
((Your dull iron-grey scales are very hard. (AC +12)))
You cannot fit into any form of body armour.
((You can survive without breathing.))
((You are cold-blooded and may be slowed by cold attacks.))


Message History

The hornet stings you!
You feel yourself slow down.
You hit the hornet.
The hornet looks as sick as possible!
The hornet is lightly wounded.
You feel yourself speed up. The hornet misses you.
The shadow imp barely misses you. The hornet closely misses you.
You closely miss the hornet.
The hornet is heavily wounded.
The shadow imp completely misses you. The hornet stings you!
You are poisoned.
You feel yourself slow down.
You hit the hornet but do no damage.
The hornet looks as sick as possible!
The hornet is heavily wounded.
You feel sick. The hornet stings you.
* * * LOW HITPOINT WARNING * * *
You suddenly lose the ability to move!
The shadow imp hits you.
* * * LOW HITPOINT WARNING * * *
The hornet stings you!
You die...
Your body crumbles into a pile of gold.

#.....# #.....# ###..[..#
........# ........#
........+ ........#
.......5##+############.#
....####s.............#.#
. #y.............+..
#..............#..
#..............#..
#.................
#................#
####'#########....
#..............#._
#..(..............


You could see a hornet and a shadow imp.

Vanquished Creatures
  Pikel (D:6)
  Sigmund (D:3)
  2 orc warriors (D:6)
  3 slaves (D:6)
  An ice beast (D:7)
  A sky beast (D:6)
  3 ogres
  A centaur (D:6)
  5 big kobolds
  A gnoll sergeant (D:4)
  3 bullfrogs (D:6)
  A scorpion (D:6)
  A howler monkey (D:4)
  A crimson imp (D:6)
  A bullfrog zombie (D:5)
  A centaur zombie (D:7)
  4 hounds
  4 orc priests (D:6)
  3 orc wizards
  Ijyb (D:3)
  A worker ant (D:4)
  A hound skeleton (D:5)
  A howler monkey zombie (D:6)
  4 gnolls (D:4)
  5 river rats (Sewer)
  7 adders
  An adder skeleton (D:5)
  3 worms
  5 dart slugs
  2 leopard geckos
  12 orcs
  6 ball pythons
  7 bats
  8 giant cockroaches
  4 goblins
  5 hobgoblins
  4 jackals (D:1)
  11 frilled lizards
  25 kobolds
  27 rats
178 creatures vanquished.

Vanquished Creatures (others)
  A kobold (D:7)
1 creature vanquished.

Grand Total: 179 creatures vanquished

Notes
Turn   | Place    | Note
-------+----------+-------------------------------------------
     0 | D:1      | KristoblXynda the Draconian Transmuter began the quest for the Orb.
     0 | D:1      | Reached XP level 1. HP: 16/16 MP: 3/3
     2 | D:1      | Noticed a dwarf
     4 | D:1      | Noticed a ghoul
     4 | D:1      | Noticed a troll
     6 | D:1      | Noticed a vine stalker
     8 | D:1      | Noticed an elf
     8 | D:1      | Noticed a demonspawn
    10 | D:1      | Noticed a demigod
    10 | D:1      | Noticed a minotaur
    12 | D:1      | Noticed a human
    12 | D:1      | Noticed a vampire
    14 | D:1      | Noticed a naga
    14 | D:1      | Noticed an ogre
    16 | D:1      | Noticed a merfolk
    16 | D:1      | Noticed a spriggan
    18 | D:1      | Noticed a felid
    18 | D:1      | Noticed a formicid
    20 | D:1      | Noticed a gargoyle
    22 | D:1      | Noticed a centaur
    24 | D:1      | Noticed a tengu
    24 | D:1      | Noticed an octopode
    26 | D:1      | Noticed a draconian
    26 | D:1      | Noticed a halfling
   203 | D:1      | Reached XP level 2. HP: 18/23 MP: 5/5
   544 | D:1      | Reached XP level 3. HP: 12/28 MP: 6/6
   776 | D:1      | Learned a level 3 spell: Spider Form
  1625 | D:2      | Found a sparkling altar of Nemelex Xobeh.
  1633 | D:2      | Reached skill level 4 in Unarmed Combat
  1700 | D:2      | Found a snail-covered altar of Cheibriados.
  1772 | D:2      | Reached XP level 4. HP: 18/35 MP: 7/7
  2390 | D:3      | Noticed Sigmund
  2405 | D:3      | Killed Sigmund
  2405 | D:3      | Reached skill level 5 in Unarmed Combat
  2405 | D:3      | Reached XP level 5. HP: 21/40 MP: 1/8
  2559 | D:3      | Noticed Ijyb
  2579 | D:3      | Killed Ijyb
  2579 | D:3      | Reached XP level 6. HP: 45/47 MP: 1/9
  2770 | D:3      | Found an iron altar of Okawaru.
  2772 | D:3      | Found a shattered altar of Ashenzari.
  2792 | D:3      | Found a glowing golden altar of the Shining One.
  3278 | D:4      | Reached skill level 6 in Unarmed Combat
  3387 | D:4      | Found a glowing drain.
  3407 | Sewer    | Entered a sewer
  3433 | Sewer    | HP: 2/70 [river rat (6)]
  4026 | Sewer    | Your scales start taking on a dull iron-grey colour.
  4026 | Sewer    | Reached XP level 7. HP: 15/52 MP: 6/10
  4026 | Sewer    | Gained mutation: You can survive without breathing. [Grey Draconian growth]
  4519 | Sewer    | Reached skill level 7 in Unarmed Combat
  4519 | Sewer    | Reached skill level 5 in Transmutations
  5645 | D:5      | Entered Level 5 of the Dungeon
  5763 | D:5      | Reached skill level 8 in Unarmed Combat
  5763 | D:5      | Reached XP level 8. HP: 52/59 MP: 11/11
  6122 | D:5      | Found a basalt altar of Yredelemnul.
  7340 | D:6      | Found a staircase to the Ecumenical Temple.
  7378 | Temple   | Entered the Ecumenical Temple
  7389 | Temple   | Became a worshipper of Gozag Ym Sagoz the Greedy
  7431 | D:6      | Reached skill level 9 in Unarmed Combat
  7502 | D:6      | Found a hide-covered altar of Uskayaw.
  7532 | D:6      | Reached XP level 9. HP: 18/64 MP: 9/12
  7533 | D:6      | Noticed Pikel
  7576 | D:6      | Killed Pikel
  7725 | D:6      | Found a stormy altar of Qazlal.
  7798 | D:7      | Found Oskax's Jewellery Shop.
  7892 | D:7      | Reached skill level 5 in Dodging
  7907 | D:7      | Found a radiant altar of Vehumet.
  7989 | D:7      | Paralysed by a hornet for 3 turns
  7989 | D:7      | Slain by a hornet

Vault maps used:
D:1:      kb_arrival_jail, hangedman_feature_mirror, minivault_27
D:2:      nemelex_xobeh_ov_fountains_minmay, lemuel_crystal_altar
D:3:      gammafunk_temple_overflow_claw, uniq_sigmund, uniq_ijyb
D:4:      gup_sewer_entry_glass, hangedman_decor_growths
D:5:      yredelemnul_altar_generic, first_ration
D:6:      gammafunk_temple_overflow_wave, temple_hall, uniq_pikel
D:7:      vehumet_altar_wand_db, serial_shops, shop_statue,
          kennysheep_small_square
Temple:   eino_temple_lava
Sewer:    sewer_minmay_treatment

Skill      XL: |  1  2  3  4  5  6  7  8  9 |
---------------+----------------------------+-----
Dodging        | 2 4 5 |  5.2
Unarmed Combat | 4 5 6 8 9 |  9.7
Transmutations | 3 4 5 7 |  7.8
Fighting       | |  1.1
Spellcasting   | |  2.0

Action                   |  1- 3 |  4- 6 |  7- 9 || total
-------------------------+-------+-------+-------++-------
Melee: Unarmed           |   158 |   201 |   402 ||   761
       Tailslap          |    12 |    13 |    33 ||    58
       Punch             |     1 |     2 |    10 ||    13
       Headbutt          |       |     3 |     2 ||     5
 Cast: Spider Form       |       |     3 |     7 ||    10
       Beastly Appendage |       |     2 |     1 ||     3
  Use: Scroll            |       |     6 |     5 ||    11
       Potion            |       |     1 |     4 ||     5
 Stab: Sleeping          |     3 |     1 |       ||     4
  Eat: Ration            |     1 |     2 |     3 ||     6
       Chunk             |       |     3 |     2 ||     5
Armor: Skin              |    73 |    69 |   203 ||   345
Dodge: Dodged            |   131 |   143 |   373 ||   647
       Deflected         |       |     2 |     7 ||     9

Table legend:
 A = Spawn XP
 B = Non-spawn XP
 C = Spawn XP percentage of total XP
 D = Spawn monster count
 E = Non-spawn monster count
 F = Spawn count percentage of total count
 G = Total turns spent on level
                    A         B        C        D         E        F      G
               +---------+---------+-------+---------+---------+-------+---------
         Total |       0 |    3991 |   0.0 |       0 |     175 |   0.0 |  7989
               +---------+---------+-------+---------+---------+-------+---------
           D:1 |       0 |      59 |   0.0 |       0 |      32 |   0.0 |  1329
           D:2 |       0 |      42 |   0.0 |       0 |      15 |   0.0 |   631
           D:3 |       0 |     361 |   0.0 |       0 |      19 |   0.0 |  1268
           D:4 |       0 |     335 |   0.0 |       0 |      17 |   0.0 |   840
           D:5 |       0 |     239 |   0.0 |       0 |       9 |   0.0 |   885
           D:6 |       0 |    2154 |   0.0 |       0 |      26 |   0.0 |  1247
           D:7 |       0 |     292 |   0.0 |       0 |       9 |   0.0 |   191
         Sewer |       0 |     509 |   0.0 |       0 |      48 |   0.0 |  1579
               +---------+---------+-------+---------+---------+-------+---------
